 Dungeon Crawl Stone Soup version 0.23.0 (webtiles) character file.

Game seed: 15207895050243896771

35 sylvaril the Poker (level 3, 0/23 HPs)
             Began as a Tengu Fighter on Feb 9, 2019.
             Succumbed to a goblin's poison
             ... on level 1 of the Dungeon.
             The game lasted 00:02:09 (965 turns).

sylvaril the Poker (Tengu Fighter)                   Turns: 965, Time: 00:02:10

Health: 0/23       AC:  6    Str: 17    XL:     3   Next: 35%
Magic:  4/4        EV:  7    Int:  8    God:
Gold:   15         SH:  9    Dex: 13    Spells: 2/2 levels left

rFire    . . .     SeeInvis .   a - +0 trident
rCold    . . .     Gourm    .   c - +0 shield
rNeg     . . .     Faith    .   b - +0 scale mail
rPois    .         Spirit   .   (helmet restricted)
rElec    .         Reflect  .   (no cloak)
rCorr    .         Harm     .   (no gloves)
MR       .....                  (boots unavailable)
Stlth    ..........             (no amulet)
HPRegen  0.07/turn              (no ring)
MPRegen  0.09/turn              (no ring)

@: lethally poisoned (0 -> -1), hasted, very quick
A: beak, talons 3
a: no special abilities


You were on level 1 of the Dungeon.
You were not hungry.

You visited 1 branch of the dungeon, and saw 2 of its levels.

You collected 15 gold pieces.

Inventory:

Hand Weapons
 a - a +0 trident (weapon)
Armour
 b - a +0 scale mail (worn)
 c - a +0 shield (worn)
Jewellery
 g - an uncursed ring of protection from cold {unknown}
Scrolls
 e - 3 scrolls of remove curse {unknown}
 h - 2 scrolls of teleportation {unknown}
 j - a scroll of identify {unknown}
Potions
 d - a potion of might
Comestibles
 f - 3 rations


   Skills:
 + Level 3.4 Fighting
 * Level 3.5 Polearms
 - Level 3.2 Armour
 - Level 3.0 Shields


You had 2 spell levels left.
You didn't know any spells.
Your spell library was empty.

Dungeon Overview and Level Annotations

Branches:
Dungeon (2/15)

Altars:

Annotations:
D:2 Robin


Innate Abilities, Weirdness & Mutations

You have a beak for a mouth.
You have claws for feet.


Message History

The goblin shoots a stone.
The stone closely misses you.
You swing at nothing.
* * * LOW HITPOINT WARNING * * *
You feel sick.
The goblin shoots a stone.
You block the stone.
The goblin shoots a stone.
You block the stone.
You see here a stone.
The goblin shoots a stone.
You block the stone.
You see here a stone.
* * * LOW HITPOINT WARNING * * *
You feel sick.
It was a potion of haste.
You feel yourself speed up.
The goblin shoots a stone.
The stone hits you but does no damage.
* * * LOW HITPOINT WARNING * * *
You feel sick.
There is a lethal amount of poison in your body!
There is a lethal amount of poison in your body!
There is a lethal amount of poison in your body!
The goblin shoots a stone.
You block the stone.
You see here a stone.
You die...

.#⌠#.#⌠#..g.....#.#.##..........#
..#...#.)########.#.##...........
#...#...#.# #.#..#.........#.
⌠#.#⌠#.#)## ##.##.#...........
#...#..g#(# #..##.............
..#...#..(# #.#####...........
.#⌠#.#⌠#..######.# #........#..
..#...#...w..(..(# #.###.......
#...#)......g)..@#####.###...##..
⌠#.#⌠#........>.........[........
#...#.#####.####.####........###.
####### #.# ##......)......###.
###########.###..#............##.
..(.........##..................#
###..............#.#.............
#..........####################
#.........## #≈≈≈≈≈≈≈≈≈≈≈≈≈≈≈#


You could see a worm and a goblin.

Vanquished Creatures
  An ooze (D:1)
  A dart slug (D:1)
  A giant cockroach (D:1)
  4 goblins (D:1)
  3 hobgoblins (D:1)
  4 jackals (D:1)
  4 kobolds (D:1)
  4 bats (D:1)
  2 frilled lizards (D:1)
  A rat (D:1)
25 creatures vanquished.

Notes
Turn   | Place    | Note
-------+----------+-------------------------------------------
     0 | D:1      | sylvaril the Tengu Fighter began the quest for the Orb.
     0 | D:1      | Reached XP level 1. HP: 14/14 MP: 2/2
    65 | D:1      | Reached XP level 2. HP: 14/19 MP: 3/3
   549 | D:1      | Reached XP level 3. HP: 23/23 MP: 4/4
   929 | D:2      | Noticed Robin
   959 | D:1      | HP: 1/23 [poisoned by a goblin]
   965 | D:1      | Succumbed to a goblin's poison

Skill      XL: |  1  2 |
---------------+-------+-----
Polearms       | 3 |  3.5
Fighting       | |  3.4
Armour         | |  3.2
Shields        | |  3.0

Action                   || total
-------------------------++-------
Melee: Trident           ||    64
       Kick              ||    13
       Peck              ||     6
  Use: Potion            ||     1
Armor: Scale mail        ||    28
Dodge: Dodged            ||    15
Block: Shield            ||    37
